 Dungeon Crawl Stone Soup version 0.28.0-47-ge53b351184 (webtiles) character file.

Game seed: 13950954778403669424

959 101zpm the Magician (level 8, -2/50 HPs)
             Began as a Djinni Fire Elementalist on Apr 30, 2022.
             Shot with a stone by a goblin (3 damage)
             ... led by Robin
             ... on level 4 of the Dungeon.
             The game lasted 00:11:55 (4758 turns).

101zpm the Magician (Djinni Fire Elementalist)      Turns: 4758, Time: 00:11:56

Health: -2/50      AC:  4    Str:  7    XL:     8   Next: 37%
Gold:   105        EV: 13    Int: 19    God:
                   SH:  0    Dex: 14

rFire   + + .      SeeInvis .   (no weapon)
rCold   x . .      Faith    .   (no shield)
rNeg    . . .      Spirit   .   b - +2 robe of Zoxeu {Will+}
rPois   ∞          Reflect  .   (no helmet)
rElec   .          Harm     .   (no cloak)
rCorr   .          Rampage  .   (no gloves)
Will    +....                   (boots unavailable)
Stlth   ++........              (no amulet)
HPRegen 0.16/turn               (no ring)
MPRegen 0.00/turn               (no ring)

@: flying
A: sickness immunity, fire resistance 2, cold vulnerability 1, float, innate
caster, HP casting, extra vitality 1
a: no special abilities


You were on level 4 of the Dungeon.
You visited 1 branch of the dungeon, and saw 4 of its levels.

You collected 105 gold pieces.

Inventory:

Armour
 a - a +0 robe
 b - the +2 robe of Zoxeu (worn) {Will+}
   (You found it on level 2 of the Dungeon)

   Will:      It increases your willpower.
 m - the +0 robe of Vecunod {rElec Dex+4}
   (You found it on level 2 of the Dungeon)

   Dex:       It affects your dexterity (+4).
   rElec:     It insulates you from electricity.
Jewellery
 c - a ring of ice
 h - the ring "Dywoif" {rF+ rN+ Str+3 Int+3}
   (You found it on level 2 of the Dungeon)

   [ring of positive energy]

   Str:       It affects your strength (+3).
   Int:       It affects your intelligence (+3).
   rF:        It protects you from fire.
   rN:        It protects you from negative energy.
 s - an amulet of reflection
Wands
 k - a wand of flame (29)
 p - a wand of polymorph (6)
Scrolls
 e - a scroll of fear {unknown}
 g - 5 scrolls of identify {unknown}
 n - a scroll of torment {unknown}
 o - a scroll of brand weapon {unknown}
 t - a scroll of vulnerability {unknown}
Potions
 d - 2 potions of lignification {unknown}
 f - a potion of might {unknown}
 i - a potion of resistance {unknown}
 j - 2 potions of heal wounds {unknown}
 l - 2 potions of flight {unknown}
 q - a potion of cancellation {unknown}
 r - a potion of invisibility {unknown}


   Skills:
 + Level 0.2 Fighting
 + Level 3.4 Dodging
 + Level 2.6 Stealth
 + Level 0.3 Unarmed Combat
 + Level 6.9 Spellcasting


You had one spell level left.
You knew the following spells:

 Your Spells              Type           Power      Damage    Failure   Level
a - Foxfire               Conj/Fire      100%       2x1d9     1%          1
b - Scorch                Fire           64%        2d8       1%          2
c - Conjure Flame         Conj/Fire      32%        6-21      1%          3
d - Inner Flame           Hex/Fire       32%        N/A       1%          3
e - Flame Wave            Conj/Fire      32%        2d8       6%          4
f - Summon Small Mammal   Summ           100%       N/A       1%          1
g - Poisonous Vapours     Pois/Air       64%        N/A       1%          2
h - Summon Guardian Gole  Hex/Summ       32%        N/A       1%          3
Your spell library was empty.

Dungeon Overview and Level Annotations

Branches:
Dungeon (4/15)
 Temple: D:4-7

Altars:

Annotations:
D:4 Robin


Innate Abilities, Weirdness & Mutations

You are immune to sickness and miasma.
You are immune to poison.
Your flesh is very heat resistant. (rF++)
You are vulnerable to cold. (rC-)
You float through the air rather than walking.
You learn spells naturally, not from books.
Your magical power is your life essence.
You have superior vitality. (+4 MHP)


Message History

You conjure some foxfire!
* * * LOW HITPOINT WARNING * * *
A goblin comes into view. It is wielding a +0 club.
Casting: Foxfire (safe; 1% risk of failure)
Press: ? - help, Q - select action, (/) - cycle Dir - look around, f - activate You conjure some foxfire!
* * * LOW HITPOINT WARNING * * *
The foxfire hits the hobgoblin.
The hobgoblin is moderately wounded.
The foxfire hits the hobgoblin.
The hobgoblin is almost dead.
The foxfire hits the goblin.
Flame seeps out of the goblin.
The goblin is moderately wounded.
Casting: Foxfire (safe; 1% risk of failure)
Press: ? - help, Q - select action, (/) - cycle Dir - look around, f - activate You conjure some foxfire!
* * * LOW HITPOINT WARNING * * *
The foxfire hits the hobgoblin.
You kill the hobgoblin!
Robin of the Strong Arm comes into view.
They are wielding a +0 dagger and carrying a wand of polymorph (11).
A goblin comes into view. It is wielding a +0 club.
Casting: Foxfire (safe; 1% risk of failure)
Press: ? - help, Q - select action, (/) - cycle Dir - look around, f - activate You conjure some foxfire!
* * * LOW HITPOINT WARNING * * *
The foxfire hits the goblin.
The goblin explodes!
The fiery explosion engulfs your foxfire.
Your foxfire completely resists.
The foxfire hits Robin.
Robin is moderately wounded.
The foxfire hits the goblin.
The goblin is moderately wounded.
The foxfire hits the goblin.
You kill the goblin!
Robin roars a battlecry!
The goblin goes into a battle-frenzy!
The goblin unwields a +0 club.
The goblin wields a +0 hunting sling.
The goblin shoots a stone.
The stone hits you.
You die...

)..##.#
#.....#
..###.#
#.....# .##
#.# ##..### .#
#)# ##.### .#
#.. #...### #
.# ##. ###...#
.# .# #
#######.## ..#
.#
..§.§..vv#...#
##
.g.°§§§§@§...#
.○§§§§§§§#...#
.g☼☼)§§§.....#
...)○☼.○.#...#
.§)○.)°)§#...#
##§§..§○§# ###
##.....##
#....#


You could see Robin and a goblin (strong).

Vanquished Creatures
  Grinder (D:3)
  2 necrophages (D:4)
  An ogre (D:4)
  A phantom (D:4)
  An orc priest (D:4)
  A centaur zombie (D:3)
  A bullfrog skeleton (D:4)
  A jelly (D:4)
  Jessica (D:2)
  Terence (D:3)
  3 orc wizards (D:4)
  Natasha (thrice) (D:2)
  2 hound skeletons (D:4)
  A howler monkey skeleton (D:4)
  2 adders
  An adder skeleton (D:4)
  2 dart slugs
  5 orcs
  2 ball pythons
  4 bats
  An endoplasm (D:4)
  7 giant cockroaches
  14 goblins
  5 hobgoblins
  2 jackals (D:4)
  3 quokkas
  2 frilled lizards
  5 kobolds
  3 rats
78 creatures vanquished.

Vanquished Creatures (collateral kills)
  A hobgoblin (D:3)
  5 foxfires (D:1)
6 creatures vanquished.

Vanquished Creatures (others)
  292 foxfires
  A fungus (D:1)
293 creatures vanquished.

Grand Total: 377 creatures vanquished

Notes
Turn   | Place    | Note
-------+----------+-------------------------------------------
     0 | D:1      | 101zpm the Djinni Fire Elementalist began the quest for the
                  | Orb.
     0 | D:1      | Reached XP level 1. HP: 15/15 MP: 0/0
    46 | D:1      | Found a faded altar of an unknown god.
   484 | D:2      | Identified the +2 robe of Zoxeu {Will+}
   496 | D:2      | Reached XP level 2. HP: 9/21 MP: 0/0
   884 | D:2      | Reached XP level 3. HP: 22/25 MP: 0/0
   884 | D:2      | Learned a level 1 spell: Summon Small Mammal
  1203 | D:2      | Identified the ring "Dywoif" {rF+ rN+ Str+3 Int+3}
  1208 | D:2      | Reached skill level 3 in Spellcasting
  1348 | D:2      | Noticed Natasha
  1353 | D:2      | Killed Natasha
  1354 | D:2      | Reached XP level 4. HP: 25/31 MP: 0/0
  1500 | D:2      | Noticed Jessica
  1505 | D:2      | Killed Jessica
  1857 | D:2      | Noticed Natasha
  1862 | D:2      | Killed Natasha
  1863 | D:2      | Reached XP level 5. HP: 31/35 MP: 0/0
  1863 | D:2      | Learned a level 2 spell: Poisonous Vapours
  1985 | D:2      | Noticed Natasha
  1993 | D:2      | Killed Natasha
  2092 | D:2      | Identified the +0 robe of Vecunod {rElec Dex+4}
  2109 | D:3      | Noticed Terence
  2112 | D:3      | Killed Terence
  2113 | D:3      | Reached skill level 4 in Spellcasting
  2538 | D:3      | Reached XP level 6. HP: 27/40 MP: 0/0
  3117 | D:3      | Noticed Grinder
  3124 | D:3      | Killed Grinder
  3125 | D:3      | Reached skill level 5 in Spellcasting
  3125 | D:3      | Reached XP level 7. HP: 13/45 MP: 0/0
  3125 | D:3      | Learned a level 3 spell: Summon Guardian Golem
  4157 | D:4      | Reached skill level 6 in Spellcasting
  4272 | D:4      | Reached XP level 8. HP: 23/50 MP: 0/0
  4757 | D:4      | Noticed Robin
  4758 | D:4      | Shot with a stone by a goblin

Illustrated notes

Levels and vault maps discovered:
D:1:      psy_arrival_terrarium, layout_basic, dreamdust_ecumenical_altar_grove
D:2:      layout_loops_ring, minmay_worlds_worst_comb, uniq_natasha,
          uniq_jessica
D:3:      layout_basic, uniq_grinder, uniq_terence
D:4:      layout_rooms, gammafunk_ghost_gnarly_gnolls, nicolae_specific_store,
          minmay_three_crescents, uniq_robin

Skill      XL: |  1  2  3  4  5  6  7 |
---------------+----------------------+-----
Spellcasting   | 3 4 5 6 |  6.9
Dodging        | 3 |  3.4
Stealth        | 2 |  2.6
Fighting       | |  0.2
Unarmed Combat | |  0.3

Action                   |  1- 3 |  4- 6 |  7- 9 || total
-------------------------+-------+-------+-------++-------
Melee: Unarmed           |     4 |       |       ||     4
 Cast: Foxfire           |    61 |    55 |    73 ||   189
       Summon Small Mamm |       |     8 |     6 ||    14
       Scorch            |       |     6 |       ||     6
       Inner Flame       |       |     6 |    40 ||    46
       Summon Guardian G |       |       |     3 ||     3
Armor: Robe              |    16 |       |     4 ||    20
Dodge: Dodged            |    11 |    10 |     7 ||    28
